[Event "December 5 Late 2023"]
[Site "https://www.chess.com"]
[Date "2023.12.05"]
[Round "1"]
[White "Szente Varga, Fruzsina"]
[Black "Olenik Campa, Rudi"]
[Result "0-1"]
[Board "136"]
[TimeControl "180+1"]
[WhiteFideId "712264"]
[BlackFideId "14633264"]
[WhiteElo "2278"]
[BlackElo "2600"]
[WhiteTeam "HUN"]
[BlackTeam "SLO"]
[WhiteClock "0:00:01"]
[BlackClock "0:00:06"]

1. e4 c5 2. Nf3 Nc6 3. Bb5 g6 4. O-O Bg7 5. Nc3 Qc7 6. Re1 h6 7. d3 e6 8. Bxc6 bxc6 9. e5 Ne7 10. Bf4 Nd5 11. Qd2 O-O 12. Bxh6 d6 13. Bxg7 Kxg7 14. exd6 Qxd6 15. Ne4 Qe7 16. Ne5 Bb7 17. c4 Nb6 18. Qc3 f6 19. Ng4 Nd7 20. f4 Kg8 21. Ng3 Qd6 22. Qd2 Rae8 23. Ne4 Qd4+ 24. Nef2 Nb6 25. Qe3 Qxb2 26. Qh3 Re7 27. Qh6 Rg7 28. Ne4 Nd7 29. Nd6 Qd4+ 30. Kh1 Qxd6 31. Re3 Qd4 32. Rae1 Kf7 33. Rxe6 Kg8 34. h3 Rff7 35. Re8+ Nf8 36. R8e3 Qd7 37. Rg3 Bc8 38. Ne3 Rh7 39. Rxg6+ Nxg6 40. Qxg6+ Rhg7 41. Qe4 Re7 42. Qf3 Qd4 43. f5 Qxd3 44. Qxc6 Rxe3 45. Qxc8+ Kh7 46. Rxe3 Qxe3 47. Qc6 Qe1+ 48. Kh2 Qe5+ 49. Kh1 Qxf5 50. Qa8 Qf1+ 51. Kh2 Qf4+ 52. Kh1 Qxc4 53. a3 Qc1+ 54. Kh2 Qf4+ 55. Kh1 c4 56. Qc6 c3 57. Qxc3 Qf1+ 58. Kh2 Qxg2# 0-1

[Event "December 5 Late 2023"]
[Site "https://www.chess.com"]
[Date "2023.12.05"]
[Round "1"]
[White "Mis, Mieszko"]
[Black "Clarke, Matthew"]
[Result "1-0"]
[Board "137"]
[TimeControl "180+1"]
[WhiteFideId "1196448"]
[BlackFideId "3227804"]
[WhiteElo "2599"]
[BlackElo "2274"]
[WhiteTeam "POL"]
[BlackTeam "AUS"]
[WhiteClock "0:01:48"]
[BlackClock "0:00:00"]

1. g3 d5 2. Bg2 e5 3. d3 Nf6 4. Nf3 Bd6 5. c4 c6 6. O-O O-O 7. cxd5 cxd5 8. Nc3 Nc6 9. Bg5 Be6 10. Nd2 Be7 11. Rc1 h6 12. Bxf6 Bxf6 13. Qb3 Nd4 14. Qd1 Qd7 15. Nb3 Nxb3 16. Qxb3 Rfd8 17. Qa4 Qe7 18. Rfd1 a6 19. Qa5 Rac8 20. Nxd5 Bxd5 21. Rxc8 Rxc8 22. Qxd5 Rc2 23. Bf3 Qb4 24. b3 Rxa2 25. Rc1 g6 26. Rc7 Qf8 27. Qxb7 1-0

[Event "December 5 Late 2023"]
[Site "https://www.chess.com"]
[Date "2023.12.05"]
[Round "1"]
[White "Cardozo Munar, Carlos Eduardo"]
[Black "Ismagilov, Damir"]
[Result "1/2-1/2"]
[Board "138"]
[TimeControl "180+1"]
[WhiteFideId "4409477"]
[BlackFideId "34199982"]
[WhiteElo "2266"]
[BlackElo "2596"]
[WhiteTeam "COL"]
[BlackTeam "RUS"]
[WhiteClock "0:00:15"]
[BlackClock "0:00:12"]

1. e4 c5 2. Nf3 e6 3. Nc3 Nc6 4. d4 cxd4 5. Nxd4 a6 6. Be2 Qc7 7. O-O Nf6 8. h3 Nxd4 9. Qxd4 Bc5 10. Qd3 b5 11. Bg5 Bb7 12. Bxf6 gxf6 13. Rad1 Rd8 14. a4 b4 15. Na2 Rg8 16. Bf3 Ke7 17. Kh1 Qb6 18. Rd2 a5 19. Rfd1 Bc6 20. e5 fxe5 21. Bxc6 Qxc6 22. f3 f5 23. b3 Rg7 24. Qc4 Bd4 25. Rxd4 exd4 26. Qxd4 Rdg8 27. Rd2 Kd8 28. c4 bxc3 29. Nxc3 Ke8 30. Nb5 Re7 31. Nd6+ Kd8 32. Kh2 Qc7 33. f4 Qc6 34. Qa7 Reg7 35. Qxa5+ Ke7 36. g4 fxg4 37. Qb4 g3+ 38. Kg1 Qc1+ 39. Kg2 Qc6+ 40. Kg1 Kf6 41. Qd4+ Ke7 42. Qb4 1/2-1/2

[Event "December 5 Late 2023"]
[Site "https://www.chess.com"]
[Date "2023.12.05"]
[Round "1"]
[White "Van Dael, Siem"]
[Black "Dong, Kyle Qiyu"]
[Result "1-0"]
[Board "139"]
[TimeControl "180+1"]
[WhiteFideId "1049771"]
[BlackFideId "30977380"]
[WhiteElo "2595"]
[BlackElo "2259"]
[WhiteTeam "NED"]
[BlackTeam "USA"]
[WhiteClock "0:00:05"]
[BlackClock "0:00:03"]

1. e4 c5 2. Nf3 Nc6 3. d4 cxd4 4. Nxd4 g6 5. c4 Bg7 6. Be3 Qb6 7. Nb5 Qa5+ 8. N5c3 Nf6 9. Nd2 a6 10. Nb3 Qc7 11. Nd5 Nxd5 12. cxd5 Nb4 13. Rc1 Qe5 14. Be2 Qxb2 15. O-O Nxa2 16. Rc2 Qa3 17. Bd4 f6 18. Qa1 Qxb3 19. Rxa2 Qb4 20. Rb1 Qd6 21. Rb6 Qc7 22. Bd3 O-O 23. Rc2 Qd8 24. d6 e5 25. Be3 f5 26. Rc7 f4 27. Bc5 Qg5 28. f3 h5 29. Bf1 h4 30. Qa2+ Kh8 31. h3 Qf6 32. Qd5 Re8 33. Bf2 Qg5 34. Bc4 Qf6 35. Qf7 Rf8 36. Qxf6 Rxf6 37. Bxh4 Rf8 38. Be7 Re8 39. Bf7 a5 40. Bxe8 a4 41. Bf7 a3 42. Ba2 1-0

[Event "December 5 Late 2023"]
[Site "https://www.chess.com"]
[Date "2023.12.05"]
[Round "1"]
[White "Paragua, Megan Althea"]
[Black "Janaszak, Dawid"]
[Result "1-0"]
[Board "140"]
[TimeControl "180+1"]
[WhiteFideId "30973007"]
[BlackFideId "1119206"]
[WhiteElo "2259"]
[BlackElo "2594"]
[WhiteTeam "USA"]
[BlackTeam "POL"]
[WhiteClock "0:00:06"]
[BlackClock "0:00:51"]

1. d4 d5 2. Nf3 c5 3. e3 Nc6 4. Be2 e6 5. O-O Nf6 6. b3 Bd6 7. Bb2 cxd4 8. exd4 O-O 9. Nbd2 Ne4 10. Nxe4 dxe4 11. Ne5 Qh4 12. g3 Qf6 13. Nxc6 bxc6 14. Qd2 Qg6 15. f4 f5 16. Qe3 Bb7 17. c4 Rac8 18. c5 Be7 19. Bc4 Kh8 20. b4 Qh6 21. Rad1 Rcd8 22. a4 Qh5 23. Bxe6 Ba6 24. Rfe1 Bd3 25. Bb3 Bf6 26. Ra1 Rd7 27. b5 cxb5 28. axb5 Bxb5 29. Be6 Re7 30. Qb3 a6 31. d5 Rc7 32. Bxf6 Rxf6 33. d6 Rxc5 34. d7 Bxd7 35. Bxd7 h6 36. Qb8+ Kh7 37. Qe8 Qf3 38. Rf1 Qe3+ 39. Kh1 Rc2 40. Qh5 g6 41. Qh4 Qd2 42. Rad1 Qe2 43. Qh3 Rb6 44. Be8 Rbb2 45. Rd7+ Kg8 46. Bf7+ Kf8 47. Qxh6# 1-0

[Event "December 5 Late 2023"]
[Site "https://www.chess.com"]
[Date "2023.12.05"]
[Round "1"]
[White "Toropov, Pavel"]
[Black "Gao, Raymond"]
[Result "1-0"]
[Board "141"]
[TimeControl "180+1"]
[WhiteFideId "24129178"]
[BlackFideId "2629429"]
[WhiteElo "2591"]
[BlackElo "2253"]
[WhiteTeam "RUS"]
[BlackTeam "CAN"]
[WhiteClock "0:00:22"]
[BlackClock "0:00:13"]

1. e4 c5 2. Nf3 Nc6 3. d4 cxd4 4. Nxd4 g6 5. c4 Bg7 6. Be3 Qb6 7. Nb5 Qd8 8. N1c3 d6 9. Be2 a6 10. Nd4 Nf6 11. O-O O-O 12. f3 Be6 13. Qd2 Rc8 14. b3 Nxd4 15. Bxd4 Nd7 16. Bxg7 Kxg7 17. Qd4+ f6 18. Kh1 Qa5 19. a4 Nc5 20. Rab1 Qb4 21. Bd1 Bf7 22. f4 Ne6 23. Qd2 b5 24. Be2 Nc5 25. axb5 axb5 26. Qc2 Ne6 27. Nd5 Qc5 28. Nxe7 Nd4 29. Qb2 Rce8 30. Nd5 bxc4 31. Bxc4 Rxe4 32. Nc3 Re3 33. Bxf7 Rxf7 34. Rfc1 Nf5 35. b4 Qd4 36. b5 Qxf4 37. Nd5 Qe5 38. Nxe3 Qxe3 39. b6 Qh6 40. Qf2 Kg8 41. b7 Rxb7 42. Rc8+ Kf7 43. Rxb7+ Ne7 44. Rcc7 Qc1+ 45. Rxc1 1-0

[Event "December 5 Late 2023"]
[Site "https://www.chess.com"]
[Date "2023.12.05"]
[Round "1"]
[White "Palmer, Reegan"]
[Black "Chor, Kevin"]
[Result "0-1"]
[Board "142"]
[TimeControl "180+1"]
[WhiteFideId "14322145"]
[BlackFideId "2090740"]
[WhiteElo "2251"]
[BlackElo "2591"]
[WhiteTeam "RSA"]
[BlackTeam "USA"]
[WhiteClock "0:00:01"]
[BlackClock "0:00:41"]

1. e4 c5 2. Nf3 Nc6 3. d3 g6 4. g3 Bg7 5. Bg2 Rb8 6. c3 Nf6 7. Qe2 O-O 8. O-O d5 9. Nbd2 e5 10. Re1 d4 11. Nf1 b5 12. h4 Ba6 13. N1h2 c4 14. cxd4 exd4 15. e5 Nd5 16. Bg5 Qd7 17. a4 Ncb4 18. axb5 cxd3 19. Qd2 Bxb5 20. Nxd4 Rfc8 21. Rac1 a5 22. e6 fxe6 23. Nxe6 Nc2 24. Nxg7 Kxg7 25. Re5 Ncb4 26. Rce1 Re8 27. Rxe8 Rxe8 28. Rxe8 Qxe8 29. Ng4 Qe2 30. Bh6+ Kf7 31. Qg5 Qe1+ 32. Kh2 Qe6 33. Ne5+ Ke8 34. Bh3 Qe7 35. Qg4 Qxe5 36. Qc8+ Ke7 37. Bf8+ Kf7 38. Bh6 Be8 39. Qb7+ Qe7 40. Qb5 Bxb5 0-1

[Event "December 5 Late 2023"]
[Site "https://www.chess.com"]
[Date "2023.12.05"]
[Round "1"]
[White "Bjelobrk, Igor"]
[Black "De Souza, Cristiano Gomes"]
[Result "1-0"]
[Board "143"]
[TimeControl "180+1"]
[WhiteFideId "4300726"]
[BlackFideId "2151758"]
[WhiteElo "2590"]
[BlackElo "2244"]
[WhiteTeam "AUS"]
[BlackTeam "BRA"]
[WhiteClock "0:01:09"]
[BlackClock "0:00:51"]

1. d4 Nf6 2. c4 g6 3. Nc3 d6 4. e4 Bg7 5. Nf3 O-O 6. Be2 e5 7. d5 Na6 8. Nd2 Ne8 9. h4 f5 10. h5 f4 11. hxg6 hxg6 12. Bg4 Nf6 13. Bxc8 Qxc8 14. Nf3 Nc5 15. Qe2 a5 16. Bd2 Qd7 17. O-O-O Kf7 18. Ng5+ Ke7 19. g3 fxg3 20. fxg3 Rh8 21. Be3 Qg4 22. Qxg4 Nxg4 23. Bxc5 dxc5 24. Ne6 Bf6 25. Rxh8 Rxh8 26. Nxc5 Ne3 27. Re1 Nxc4 28. Nxb7 Bg5+ 29. Kb1 Rh2 30. Re2 Rh1+ 31. Kc2 Nd6 32. Nxa5 Rg1 33. Nc6+ Kf6 34. Rf2+ Kg7 35. Nxe5 Rxg3 36. Re2 Bf6 37. Nd3 Bd4 38. e5 Nf5 39. Nb5 Bb6 40. a4 Ne3+ 41. Rxe3 Rxe3 42. b4 g5 43. a5 g4 44. axb6 cxb6 45. d6 g3 46. d7 g2 47. d8=Q g1=Q 48. Qf6+ Kh7 49. Qf5+ Kg7 50. Nc3 Qg2+ 51. Kb3 Qd2 52. Kc4 b5+ 53. Nxb5 Qc2+ 54. Nc3 Kh6 55. Qf4+ 1-0

[Event "December 5 Late 2023"]
[Site "https://www.chess.com"]
[Date "2023.12.05"]
[Round "1"]
[White "Uddin, Mubassar"]
[Black "Espinoza Villanueva, Rodrigo"]
[Result "0-1"]
[Board "144"]
[TimeControl "180+1"]
[WhiteFideId "2093944"]
[BlackFideId "5140188"]
[WhiteElo "2244"]
[BlackElo "2589"]
[WhiteTeam "USA"]
[BlackTeam "MEX"]
[WhiteClock "0:00:00"]
[BlackClock "0:00:49"]

1. d4 Nf6 2. c4 g6 3. Nc3 Bg7 4. e4 d6 5. f3 O-O 6. Be3 Nc6 7. Qd2 a6 8. Nge2 Rb8 9. d5 Na5 10. Ng3 c5 11. Be2 b5 12. cxb5 axb5 13. Bxb5 Bd7 14. Bxd7 Nxd7 15. b3 Ne5 16. O-O Qb6 17. Rac1 Rfc8 18. Na4 Qa6 19. h3 h5 20. f4 Nd3 21. Rcd1 c4 22. bxc4 Nb4 23. c5 Nc4 24. Qe2 Nxe3 25. Qxe3 Qxa4 26. cxd6 exd6 27. e5 dxe5 28. fxe5 Nc2 29. Qg5 Qa7+ 30. Kh1 Ne3 31. e6 Nxd1 32. exf7+ Kh7 33. Rxd1 Qxf7 34. d6 Qf6 35. Qxf6 Bxf6 36. Ne4 Kg7 37. Rf1 Be5 38. d7 Rd8 39. Nc5 Rb6 40. Re1 Kf6 41. Nd3 Re6 42. Nc5 Re7 43. Ne4+ Ke6 44. Nc5+ Kd5 0-1

[Event "December 5 Late 2023"]
[Site "https://www.chess.com"]
[Date "2023.12.05"]
[Round "1"]
[White "Ezat, Mohamed"]
[Black "Chlpik, Martin"]
[Result "0-1"]
[Board "145"]
[TimeControl "180+1"]
[WhiteFideId "10600906"]
[BlackFideId "14923351"]
[WhiteElo "2589"]
[BlackElo "2243"]
[WhiteTeam "EGY"]
[BlackTeam "SVK"]
[WhiteClock "0:00:01"]
[BlackClock "0:00:13"]

1. d4 Nf6 2. c4 c5 3. d5 e6 4. Nc3 exd5 5. cxd5 d6 6. e4 g6 7. f4 Bg7 8. Bb5+ Nfd7 9. Be2 O-O 10. Nf3 a6 11. a4 Re8 12. O-O Qc7 13. Kh1 c4 14. e5 dxe5 15. d6 Qc6 16. fxe5 Nxe5 17. Nxe5 Bxe5 18. Nd5 Qxd6 19. Nf6+ Qxf6 20. Rxf6 Bxf6 21. Bxc4 Be6 22. Bxe6 Rxe6 23. Bh6 Nc6 24. g3 Rae8 25. Qb3 Re2 26. Rf1 Rxb2 27. Qd5 Ree2 28. Rd1 Rxh2+ 29. Kg1 Rxh6 30. Qd6 Be5 31. Qd7 Rhh2 32. Rd3 Rhg2+ 33. Kf1 Rbf2+ 34. Ke1 Re2+ 35. Kf1 Rgf2+ 36. Kg1 Bd4 37. Rxd4 Nxd4 38. Qd8+ Kg7 39. Qxd4+ f6 40. Qd7+ Kh6 41. Qxb7 Rb2 42. Qh1+ Kg7 43. Qd5 Rfd2 44. Qd4 Rb1# 0-1

[Event "December 5 Late 2023"]
[Site "https://www.chess.com"]
[Date "2023.12.05"]
[Round "1"]
[White "Golubenko, Valentina"]
[Black "Asish Panda"]
[Result "0-1"]
[Board "146"]
[TimeControl "180+1"]
[WhiteFideId "4501993"]
[BlackFideId "45012458"]
[WhiteElo "2224"]
[BlackElo "2587"]
[WhiteTeam "CRO"]
[BlackTeam "IND"]
[WhiteClock "0:00:00"]
[BlackClock "0:00:03"]

1. e4 e6 2. Nf3 d5 3. exd5 exd5 4. d4 Nf6 5. Bd3 Bd6 6. O-O O-O 7. h3 h6 8. c4 c6 9. Nc3 dxc4 10. Bxc4 Nbd7 11. d5 Nb6 12. Bb3 cxd5 13. Be3 Be6 14. Bxb6 axb6 15. Nd4 Rc8 16. Re1 Re8 17. Qf3 Bb8 18. Ndb5 Bd7 19. Rad1 Bc6 20. Nd4 Qd6 21. g3 Re5 22. Nf5 Qe6 23. Rxe5 Bxe5 24. Nxd5 Bxd5 25. Bxd5 Nxd5 26. Rxd5 Bxb2 27. Kg2 Bf6 28. Rd6 Qe5 29. Rxb6 Rc3 30. Qg4 Qd5+ 31. Kh2 Rf3 32. Nxh6+ Kh7 33. Rxf6 Rxf6 34. f4 gxh6 35. Qh4 Qd2+ 36. Kh1 Qc1+ 37. Kh2 Qc2+ 38. Kh1 Rb6 0-1

[Event "December 5 Late 2023"]
[Site "https://www.chess.com"]
[Date "2023.12.05"]
[Round "1"]
[White "Manukyan, Sargis A."]
[Black "Floresvillar Gonzalez, Luis Migu"]
[Result "1-0"]
[Board "147"]
[TimeControl "180+1"]
[WhiteFideId "13303970"]
[BlackFideId "5100542"]
[WhiteElo "2583"]
[BlackElo "2220"]
[WhiteTeam "ARM"]
[BlackTeam "MEX"]
[WhiteClock "0:00:52"]
[BlackClock "0:00:21"]

1. d4 d5 2. c4 c6 3. Nc3 Nf6 4. e3 dxc4 5. Bxc4 Bf5 6. Qb3 e6 7. Qxb7 Nbd7 8. Qxc6 Rc8 9. Qa4 Be7 10. Ba6 Rb8 11. Nf3 O-O 12. O-O Qb6 13. Be2 Rfc8 14. Qd1 a5 15. h3 h6 16. Na4 Qd6 17. Bd3 Bxd3 18. Qxd3 Bd8 19. b3 Bc7 20. g3 Nd5 21. e4 Nb4 22. Qe2 e5 23. dxe5 Nxe5 24. Nxe5 Qxe5 25. Bb2 Qe6 26. Qg4 Qxg4 27. hxg4 Nd3 28. Rad1 Nxb2 29. Nxb2 Bb6 30. Nc4 Bd8 31. Rd7 a4 32. Rfd1 axb3 33. axb3 Bf6 34. e5 Bg5 35. Nd6 Rc2 36. Nxf7 Rxb3 37. Nxg5 hxg5 38. e6 Re2 39. e7 Kf7 40. e8=Q+ Kxe8 41. Rxg7 Rbb2 42. Rf1 Re5 43. Ra1 Kf8 44. Rc7 Rbe2 45. Ra8+ Re8 46. Rxe8+ Kxe8 47. Kf1 Re5 48. Kg2 Kf8 49. f4 Re2+ 50. Kf3 Re1 51. Rc5 gxf4 52. gxf4 Rf1+ 53. Ke4 Ra1 54. Kf5 Ra6 55. Kg5 Kg7 56. Rc7+ Kg8 57. f5 Rb6 58. f6 Rb7 59. Rxb7 1-0

[Event "December 5 Late 2023"]
[Site "https://www.chess.com"]
[Date "2023.12.05"]
[Round "1"]
[White "Einarsson, Halldor Gretar"]
[Black "Taboas Rodriguez, Daniel"]
[Result "0-1"]
[Board "148"]
[TimeControl "180+1"]
[WhiteFideId "2300150"]
[BlackFideId "2208466"]
[WhiteElo "2220"]
[BlackElo "2577"]
[WhiteTeam "ISL"]
[BlackTeam "ESP"]
[WhiteClock "0:00:00"]
[BlackClock "0:01:30"]

1. d4 Nf6 2. c4 g6 3. f3 Bg7 4. e4 O-O 5. Nc3 d6 6. Be3 c5 7. Nge2 Nc6 8. d5 Ne5 9. Ng3 e6 10. Be2 exd5 11. cxd5 a6 12. a4 h5 13. O-O h4 14. Nh1 Bd7 15. Nf2 b5 16. axb5 axb5 17. Bxb5 Bxb5 18. Nxb5 Qb6 19. Qe2 Rab8 20. Nc3 Qxb2 21. Qxb2 Rxb2 22. Ra6 Nc4 23. Bf4 Nh5 24. Nfd1 Rc2 25. Bxd6 Nxd6 26. Rxd6 Bxc3 27. Nxc3 Rxc3 28. Rc6 Rd8 29. Rd1 Rc2 30. d6 Nf4 31. d7 Kf8 0-1

[Event "December 5 Late 2023"]
[Site "https://www.chess.com"]
[Date "2023.12.05"]
[Round "1"]
[White "Erdogan, Anil Berk"]
[Black "Bullen, Alex"]
[Result "1-0"]
[Board "149"]
[TimeControl "180+1"]
[WhiteFideId "6348173"]
[BlackFideId "1801627"]
[WhiteElo "2575"]
[BlackElo "2214"]
[WhiteTeam "TUR"]
[BlackTeam "WLS"]
[WhiteClock "0:00:16"]
[BlackClock "0:00:23"]

1. e4 c6 2. d4 g6 3. c4 d5 4. exd5 cxd5 5. Nc3 Nf6 6. Qb3 Bg7 7. cxd5 Nbd7 8. Be2 O-O 9. Bf3 Nb6 10. Nge2 Bg4 11. Bxg4 Nxg4 12. a4 Nf6 13. Nf4 Rc8 14. a5 Nc4 15. Qxb7 Rb8 16. Qxa7 Nxb2 17. O-O Ng4 18. h3 Nxf2 19. Rxf2 Ra8 20. Qc5 Rc8 21. Qb4 Rb8 22. Rxb2 Rxb4 23. Rxb4 Qd6 24. Nd3 Rc8 25. Bf4 Qa6 26. Nc5 Qf6 27. Be5 Qh4 28. Bxg7 Kxg7 29. a6 Rxc5 30. a7 Rc8 31. Rb8 Qxd4+ 32. Kh1 Qxa7 33. Rxa7 Rxb8 34. Rxe7 Rb3 35. Ne4 Rd3 36. d6 Kf8 37. Rd7 Rd4 38. Nf6 Kg7 39. Ne8+ Kf8 40. Nc7 f5 41. Ne6+ Ke8 42. Re7# 1-0

[Event "December 5 Late 2023"]
[Site "https://www.chess.com"]
[Date "2023.12.05"]
[Round "1"]
[White "Vila Dupla, Aurelio"]
[Black "Iskusnyh, Sergei"]
[Result "0-1"]
[Board "150"]
[TimeControl "180+1"]
[WhiteFideId "2203383"]
[BlackFideId "4120027"]
[WhiteElo "2213"]
[BlackElo "2571"]
[WhiteTeam "ESP"]
[BlackTeam "RUS"]
[WhiteClock "0:00:10"]
[BlackClock "0:01:10"]

1. Nf3 d5 2. d4 Nf6 3. c4 c6 4. cxd5 cxd5 5. Nc3 Nc6 6. Bf4 a6 7. e3 Bg4 8. Be2 e6 9. O-O Be7 10. Ne1 Bf5 11. Nd3 Bxd3 12. Bxd3 O-O 13. Bg5 Nd7 14. Bxe7 Qxe7 15. Rc1 Rac8 16. Qd2 b5 17. Ne2 Nb6 18. b3 Rc7 19. Rc5 Nd7 20. Rc3 Rfc8 21. Rfc1 Qd6 22. Qc2 b4 23. Rc5 Nxc5 24. dxc5 Qe7 25. Bxa6 Ra8 26. Bd3 g6 27. Qd2 Ra5 0-1

[Event "December 5 Late 2023"]
[Site "https://www.chess.com"]
[Date "2023.12.05"]
[Round "1"]
[White "Garcia Ramos, Daniel"]
[Black "Narva, Triin"]
[Result "1-0"]
[Board "151"]
[TimeControl "180+1"]
[WhiteFideId "32010311"]
[BlackFideId "4502680"]
[WhiteElo "2570"]
[BlackElo "2209"]
[WhiteTeam "ESP"]
[BlackTeam "EST"]
[WhiteClock "0:00:18"]
[BlackClock "0:00:00"]

1. Nf3 g6 2. e4 Bg7 3. d4 c5 4. dxc5 Nc6 5. c3 Nf6 6. Nbd2 Qa5 7. Nb3 Qa4 8. Nbd2 Qa5 9. b4 Nxb4 10. cxb4 Qxb4 11. e5 Ng4 12. Rb1 Qxc5 13. Ne4 Qa5+ 14. Qd2 Qxd2+ 15. Bxd2 Nxe5 16. Nxe5 Bxe5 17. h4 h5 18. g3 d5 19. Bb5+ Kf8 20. Nc5 a6 21. Be2 b5 22. Bf3 e6 23. Ke2 Kg7 24. Rhc1 Rd8 25. Nd3 Bf6 26. Bf4 Bd7 27. Ne5 Be8 28. Rc7 Rac8 29. Rbc1 Rxc7 30. Rxc7 d4 31. Bc6 Bxc6 32. Rxf7+ Kg8 33. Rxf6 Bd5 34. Rxg6+ Kf8 35. a3 Rc8 36. Kd2 a5 37. g4 b4 38. axb4 axb4 39. Bh6+ 1-0

[Event "December 5 Late 2023"]
[Site "https://www.chess.com"]
[Date "2023.12.05"]
[Round "1"]
[White "Przybylski, Wojciech"]
[Black "Adamczyk, Zuzanna"]
[Result "0-1"]
[Board "153"]
[TimeControl "180+1"]
[WhiteFideId "1117599"]
[BlackFideId "1187570"]
[WhiteElo "2569"]
[BlackElo "2207"]
[WhiteTeam "POL"]
[BlackTeam "POL"]
[WhiteClock "0:00:16"]
[BlackClock "0:00:11"]

1. e4 d6 2. d4 Nf6 3. Nc3 e5 4. dxe5 dxe5 5. Bg5 Nbd7 6. Bc4 Be7 7. Nf3 O-O 8. O-O c6 9. h3 Qc7 10. a4 a5 11. Re1 Nc5 12. Qe2 Be6 13. Rad1 Rfd8 14. Bh4 h6 15. Bg3 Rxd1 16. Rxd1 Nfd7 17. Kh2 Rd8 18. b3 Bg5 19. Nxg5 hxg5 20. f3 f6 21. Bf2 Kf7 22. Be3 Bxc4 23. Qxc4+ Ne6 24. Bc1 Nf8 25. Rxd8 Qxd8 26. Be3 Ng6 27. b4 axb4 28. Qxb4 Qd7 29. Qc4 Kf8 30. a5 Nef4 31. Bc5+ Ne7 32. Be3 Neg6 33. Qf1 Kg8 34. g3 Ne6 35. Qc4 Kh7 36. Kg2 Nef4+ 37. gxf4 Nh4+ 38. Kf2 Qxh3 39. Qe2 gxf4 40. Bb6 Qg2+ 41. Ke1 Nxf3+ 42. Qxf3 Qxf3 43. Kd2 Qg2+ 44. Kd3 f3 45. Nd1 Qe2+ 46. Kc3 Qxd1 47. a6 bxa6 48. Kb4 Qd4+ 49. Bxd4 exd4 50. Kc5 f2 51. e5 fxe5 52. Kxc6 f1=Q 53. Kd5 Qb5+ 54. Ke4 a5 55. Kf5 a4 56. c4 dxc3 57. Ke6 c2 58. Ke7 c1=Q 59. Kf7 Qcc6 60. Ke7 Qbb7+ 0-1

[Event "December 5 Late 2023"]
[Site "https://www.chess.com"]
[Date "2023.12.05"]
[Round "1"]
[White "Fernandez Hernandez, Gerardo"]
[Black "Ozates, Tuna"]
[Result "0-1"]
[Board "154"]
[TimeControl "180+1"]
[WhiteFideId "2207400"]
[BlackFideId "6354521"]
[WhiteElo "2204"]
[BlackElo "2568"]
[WhiteTeam "ESP"]
[BlackTeam "TUR"]
[WhiteClock "0:00:00"]
[BlackClock "0:00:13"]

1. e4 c5 2. d3 Nc6 3. g3 g6 4. Bg2 Bg7 5. f4 d6 6. Nf3 e6 7. O-O Nge7 8. c3 O-O 9. Be3 f5 10. exf5 Nxf5 11. Bf2 Bd7 12. Qe2 Rc8 13. Nbd2 b5 14. Ne4 Qc7 15. g4 Nfe7 16. Neg5 Rce8 17. Nxe6 Bxe6 18. Qxe6+ Kh8 19. Ng5 Nd8 20. Qb3 a6 21. Bg3 h6 22. Ne6 Nxe6 23. Qxe6 Kh7 24. Qe2 Nf5 25. Qd2 Ne3 26. Rfe1 Nxg4 27. Be4 Nf6 28. f5 g5 29. h4 Nxe4 30. dxe4 gxh4 31. Bxd6 Rd8 32. Bxc7 Rxd2 33. Rad1 Rxb2 34. Rd7 Kh8 35. Rf1 Bxc3 36. e5 Bd4+ 37. Kh1 Re2 38. e6 Rxe6 39. fxe6 Rxf1+ 40. Kg2 Re1 41. e7 Kg8 42. Bd6 Bf6 43. Rd8+ Kf7 44. Rf8+ Kg6 45. e8=Q+ Rxe8 46. Rxe8 c4 47. Re6 Kf5 48. Re2 c3 49. Rc2 a5 50. Bc7 Ke4 51. Bxa5 Kd3 52. Rc1 Bd4 53. Bb4 Kd2 54. Rf1 Kd3 55. a3 c2 56. Rc1 Be3 57. Rf1 c1=Q 58. Rxc1 Bxc1 59. Be7 Bg5 60. Bc5 Kc4 61. Bb4 Kb3 62. Kh3 Bf6 63. Kg2 Bb2 64. Kh3 Bxa3 65. Kg2 Bxb4 66. Kh3 Kc3 67. Kxh4 Bc5 68. Kh5 b4 0-1

[Event "December 5 Late 2023"]
[Site "https://www.chess.com"]
[Date "2023.12.05"]
[Round "1"]
[White "Veljanoski, Andrej"]
[Black "Curtis, John"]
[Result "1-0"]
[Board "155"]
[TimeControl "180+1"]
[WhiteFideId "15003604"]
[BlackFideId "3200256"]
[WhiteElo "2567"]
[BlackElo "2202"]
[WhiteTeam "MKD"]
[BlackTeam "AUS"]
[WhiteClock "0:00:44"]
[BlackClock "0:00:00"]

1. Nf3 d5 2. b3 Nf6 3. Bb2 e6 4. c4 Be7 5. d3 O-O 6. g3 b6 7. Bg2 Bb7 8. O-O Nbd7 9. Nbd2 c5 10. Qc2 Rc8 11. e4 d4 12. Rae1 Nb8 13. Ne5 Nfd7 14. Nxd7 Qxd7 15. f4 Nc6 16. Nf3 Nb4 17. Qb1 a5 18. a3 Nc6 19. Bc1 f6 20. Bh3 Ra8 21. f5 e5 22. g4 a4 23. bxa4 Na5 24. Qxb6 Bc6 25. Qb2 Rfb8 26. Qf2 Nb3 27. g5 Nxc1 28. Rxc1 Rb3 29. Rcd1 Rxa4 30. Kh1 Raxa3 31. Qe2 Qc7 32. Rg1 Kf8 33. gxf6 Bxf6 34. Ng5 Bxg5 35. Rxg5 Qa7 36. Qf1 Qe7 37. Rg3 Qf6 38. Bg2 Be8 39. Qe2 Qh6 40. f6 gxf6 41. Qg4 Qg6 42. Qe6 Qf7 43. Qd6+ Qe7 44. Rg8+ Kxg8 45. Qxe7 1-0

[Event "December 5 Late 2023"]
[Site "https://www.chess.com"]
[Date "2023.12.05"]
[Round "1"]
[White "Luxama, Jacques Muller"]
[Black "Bayo Milagro, Alvaro"]
[Result "1-0"]
[Board "156"]
[TimeControl "180+1"]
[WhiteFideId "11900113"]
[BlackFideId "22275240"]
[WhiteElo "2201"]
[BlackElo "2564"]
[WhiteTeam "HAI"]
[BlackTeam "ESP"]
[WhiteClock "0:01:21"]
[BlackClock "0:00:00"]

1. e4 e5 2. Nf3 Nc6 3. Bc4 Nf6 4. d3 Bc5 5. O-O d6 6. c3 a5 7. Re1 O-O 8. Bb5 Bb6 9. h3 Ne7 10. Nbd2 Ng6 11. Nf1 c6 12. Ba4 Nh5 13. d4 h6 14. Ng3 Nxg3 15. fxg3 Re8 16. Kh2 exd4 17. cxd4 d5 18. exd5 Rxe1 19. Qxe1 cxd5 20. Bd2 Be6 21. Rc1 Bc7 22. Ne5 Nxe5 23. dxe5 d4 24. Qe4 Rb8 25. Bb3 Bxb3 26. axb3 Qd7 27. Rc5 Re8 28. Rd5 Qc6 29. Qxd4 Qe6 30. Bc3 Bb6 31. Qc4 Rc8 32. Qb5 Ba7 33. Rd6 Qf5 34. Qd5 1-0

[Event "December 5 Late 2023"]
[Site "https://www.chess.com"]
[Date "2023.12.05"]
[Round "1"]
[White "Rodgers, Jack"]
[Black "Andreassen, Lars"]
[Result "1-0"]
[Board "157"]
[TimeControl "180+1"]
[WhiteFideId "3220885"]
[BlackFideId "1504878"]
[WhiteElo "2563"]
[BlackElo "2196"]
[WhiteTeam "AUS"]
[BlackTeam "NOR"]
[WhiteClock "0:00:03"]
[BlackClock "0:00:14"]

1. d4 d5 2. Bg5 c5 3. dxc5 Nc6 4. e3 Qa5+ 5. Nc3 e6 6. Bb5 Bxc5 7. Ne2 Bd7 8. O-O Nf6 9. a3 Be7 10. b4 Qc7 11. Bf4 Bd6 12. Ba4 O-O 13. Nb5 Bxf4 14. Nxc7 Bxc7 15. Rb1 a6 16. h3 b5 17. Bb3 Rac8 18. f3 Bb6 19. Nd4 e5 20. Nxc6 Bxe3+ 21. Kh1 Bxc6 22. c3 Rfd8 23. Re1 Bf4 24. Qd3 e4 25. Qd4 Bg3 26. Rf1 Re8 27. fxe4 Rxe4 28. Qa7 Ra8 29. Qb6 Re6 30. Rf3 Be5 31. Qf2 Ne4 32. Qe1 Rg6 33. Rb2 Re8 34. Re2 h6 35. Kg1 Bc7 36. Rf1 Bb6+ 37. Kh2 Bc7+ 38. Kg1 Bb6+ 39. Kh1 Ng3+ 40. Qxg3 Rxg3 41. Rxe8+ Kh7 42. Bc2+ g6 43. Rxf7# 1-0

[Event "December 5 Late 2023"]
[Site "https://www.chess.com"]
[Date "2023.12.05"]
[Round "1"]
[White "Jing, Andrew"]
[Black "Hajiyev, Kanan"]
[Result "1-0"]
[Board "158"]
[TimeControl "180+1"]
[WhiteFideId "30984076"]
[BlackFideId "13404148"]
[WhiteElo "2193"]
[BlackElo "2562"]
[WhiteTeam "USA"]
[BlackTeam "AZE"]
[WhiteClock "0:00:16"]
[BlackClock "0:00:21"]

1. d4 c6 2. e4 d5 3. e5 a6 4. Nf3 Bg4 5. Be2 e6 6. c3 c5 7. O-O Nc6 8. h3 Bxf3 9. Bxf3 cxd4 10. cxd4 Qb6 11. Be3 Qxb2 12. Nd2 Qb6 13. Rb1 Qc7 14. Nb3 Nge7 15. g4 h5 16. Nc5 Rb8 17. gxh5 Nf5 18. Bg4 Nxe3 19. fxe3 Bxc5 20. dxc5 Qxe5 21. Qf3 O-O 22. h6 g6 23. h4 f5 24. Bh3 Kh7 25. Rb6 Qc3 26. Rfb1 Na5 27. Qf4 Qxc5 28. Qg5 Rbc8 29. h5 Rg8 30. Rxe6 gxh5 31. Bxf5+ Kh8 32. Bg6 Qc3 33. Qxh5 Rce8 34. Rxe8 Rxe8 35. Bxe8 Qxe3+ 36. Kh2 Qf4+ 37. Kh3 Qe3+ 38. Kh4 Qe4+ 39. Qg4 Qxb1 40. Qg7# 1-0